 Dungeon Crawl Stone Soup version 0.22-a0-580-gd5db89c (webtiles) character file.

8567 wellist the Fighter (level 11, -5/105 HPs)
             Began as a Minotaur Berserker on July 3, 2018.
             Was a High Priest of Trog.
             Slain by a 12-headed hydra (9 damage)
             ... on level 10 of the Dungeon.
             The game lasted 00:54:47 (9192 turns).

wellist the Fighter (Minotaur Berserker)            Turns: 9192, Time: 00:54:48

Health: -5/105     AC: 14    Str: 25    XL:     11   Next: 11%
Magic:  13/13      EV: 12    Int:  4    God:    Trog [*****.]
Gold:   603        SH:  0    Dex: 10    Spells: 10/10 levels left

rFire    . . .     SeeInvis +   x - +10 mace "Goceg" {protect, Fragile +Rage rElec SInv}
rCold    . . .     Gourm    .   (no shield)
rNeg     . . .     Faith    .   G - +0 troll leather armour
rPois    +         Spirit   .   (helmet restricted)
rElec    +         Reflect  .   (no cloak)
rCorr    +         Harm     +   H - +0 pair of gloves
MR       .....                  (no boots)
Stlth    +.........             B - amulet of harm
HPRegen  0.67/turn              d - ring of resist corrosion
MPRegen  0.13/turn              n - ring of poison resistance

@: protection aura
A: retaliatory headbutt, horns 2
a: Berserk, Trog's Hand, Brothers in Arms, Renounce Religion, Evoke Berserk Rage


You were on level 10 of the Dungeon.
You worshipped Trog.
Trog was extremely pleased with you.
You were hungry.

You visited 1 branch of the dungeon, and saw 10 of its levels.

You collected 603 gold pieces.

Inventory:

Hand Weapons
 x - the +10 mace "Goceg" (weapon) {protect, Fragile +Rage rElec SInv}
   (You found it on level 6 of the Dungeon)

   It protects the one who uses it against injury (+AC on strike).
   It insulates you from electricity.
   It lets you see invisible.
   It lets you go berserk.
   It will be destroyed if unequipped.
Armour
 E - a +0 plate armour
 G - a +0 troll leather armour (worn)
 H - a +0 pair of gloves (worn)
Jewellery
 d - a ring of resist corrosion (left hand)
 n - a ring of poison resistance (right hand)
 w - an uncursed ring of protection from cold
 B - an amulet of harm (around neck)
Wands
 a - a wand of polymorph (13)
 g - a wand of acid (12)
 s - a wand of digging (10)
 t - a wand of random effects (20)
 z - a wand of flame (14)
Scrolls
 b - 2 scrolls of random uselessness {unknown}
 h - 2 scrolls of noise {unknown}
 k - 5 scrolls of remove curse
 l - 4 scrolls of enchant weapon
 m - 2 scrolls of fog {unknown}
 q - 2 scrolls of teleportation
 u - 5 scrolls of identify
 y - a scroll of blinking {unknown}
 A - a scroll of enchant armour {unknown}
 C - a scroll of immolation {unknown}
 D - a scroll of magic mapping {unknown}
Potions
 e - 3 potions of brilliance {unknown}
 f - a potion of lignification {unknown}
 i - 3 potions of magic
 j - a potion of cancellation {unknown}
 o - 6 potions of curing
 p - a potion of heal wounds
 r - 2 potions of ambrosia {unknown}
 v - 2 potions of might {unknown}
 I - a potion of agility {unknown}
Comestibles
 c - 15 rations
 F - 9 chunks of flesh


   Skills:
 * Level 12.6 Fighting
 * Level 9.1 Maces & Flails
   Level 9.6 Polearms
 + Level 9.2 Armour
 - Level 2.2 Dodging
 - Level 4.1 Evocations


You had 10 spell levels left.
You didn't know any spells.
Your spell library was empty.

Dungeon Overview and Level Annotations

Branches:
Dungeon (10/15)            Temple (0/1) D:4            Lair (0/6) D:9
    Orc (0/2) D:9

Altars:
Ashenzari
Cheibriados
Dithmenos
Fedhas
Gozag
Trog
Uskayaw
Xom
Yredelemnul
Zin
Lugonu

Shops:
D:6 [   D:9 (

Annotations:
D:10 nikopol's ghost, journeyman DEFE


Innate Abilities, Weirdness & Mutations

You reflexively headbutt those who attack you in melee.
You have a pair of horns on your head.


Message History

The 12-headed hydra bites you but does no damage.
The 12-headed hydra bites you!
The 12-headed hydra closely misses you. x2
The 12-headed hydra barely misses you.
The 12-headed hydra bites you but does no damage. x2
The 12-headed hydra closely misses you.
Nikopol's ghost gestures at you while chanting.
The lance of force hits you!
* * * LOW HITPOINT WARNING * * *
You are knocked back by the lance of force.
You slam into the rock wall!
Your two-headed ogre goes berserk!
You are feeling hungry.
The 12-headed hydra bites you.
* * * LOW HITPOINT WARNING * * *
The 12-headed hydra bites you.
* * * LOW HITPOINT WARNING * * *
The 12-headed hydra closely misses you. The 12-headed hydra bites you.
* * * LOW HITPOINT WARNING * * *
The 12-headed hydra bites you!
You die...

...# ...# ...## ##♣♣P##
#...# #≈..%.## ###.######
######≈...$.P#
#........####....#♣..)..P#
#.........[......#≈$....≈#
#........#######.##....%##
########## #@D##'''###
##W.......# #.O...####
#######


You could see a 12-headed hydra, nikopol's ghost and a friendly two-headed ogre
(berserk).

Vanquished Creatures
  Pikel (D:6)
  3 kobold demonologists (D:10)
  2 trolls (D:9)
  Grinder (D:6)
  A hippogriff (D:9)
  Sigmund (D:5)
  6 yaks (D:10)
  Eustachio (D:4)
  A wraith (D:10)
  A hungry ghost (D:5)
  Edmund (D:4)
  An orc warrior (D:7)
  An ice beast (D:10)
  3 sky beasts
  2 phantoms (D:9)
  An eye of draining (D:9)
  7 ogres
  5 centaurs
  The ghost of ThisFiasco the Gusty, an amateur DrAE (D:6)
  3 wolves (D:9)
  Blork the orc (D:4)
  A big kobold (D:10)
  9 bullfrogs
  A scorpion (D:4)
  3 killer bees (D:9)
  3 electric eels
  A howler monkey (D:5)
  A bullfrog zombie (D:5)
  4 crimson imps
  A centaur zombie (D:6)
  Crazy Yiuf (D:6)
  2 orc priests
  6 jellies
  9 hounds
  6 orc wizards
  2 bullfrog skeletons (D:8)
  A centaur skeleton (D:6)
  Natasha (thrice) (D:3)
  5 iguanas
  6 worker ants
  A hound zombie (D:5)
  3 hound skeletons
  A howler monkey skeleton (D:9)
  11 adders
  3 shadow imps
  2 oozes
  An adder skeleton (D:5)
  3 worms
  2 leopard geckos
  32 orcs
  4 bats (D:3)
  4 giant cockroaches
  6 goblins
  6 hobgoblins
  12 jackals
  10 kobolds
  7 quokkas
  3 ball pythons
  6 frilled lizards
  A leopard gecko skeleton (D:2)
  A leopard gecko zombie (D:5)
  A quokka zombie (D:3)
  5 rats
234 creatures vanquished.

Vanquished Creatures (collateral kills)
  The ghost of Gildeon the Magician, a novice DECj of Sif Muna (D:7)
  A troll (D:7)
  An adder zombie (D:7)
3 creatures vanquished.

Grand Total: 237 creatures vanquished

Notes
Turn   | Place    | Note
-------+----------+-------------------------------------------
     0 | D:1      | wellist the Minotaur Berserker began the quest for the Orb.
     0 | D:1      | Reached XP level 1. HP: 19/19 MP: 0/0
   356 | D:1      | Reached XP level 2. HP: 27/27 MP: 1/1
   890 | D:2      | Found a shattered altar of Ashenzari.
   913 | D:2      | Reached skill level 4 in Fighting
   958 | D:2      | Reached XP level 3. HP: 33/33 MP: 2/2
  1038 | D:2      | Found a bloodstained altar of Trog.
  1038 | D:2      | Found a snail-covered altar of Cheibriados.
  1043 | D:2      | Found a shimmering altar of Xom.
  1045 | D:2      | Found a glowing silver altar of Zin.
  1046 | D:2      | Found a shadowy altar of Dithmenos.
  1467 | D:3      | Reached ** piety under Trog
  1516 | D:3      | Reached XP level 4. HP: 41/41 MP: 3/3
  1630 | D:3      | Reached skill level 5 in Polearms
  1728 | D:3      | Reached XP level 5. HP: 38/47 MP: 4/4
  1894 | D:3      | Noticed Natasha
  1901 | D:3      | Killed Natasha
  1901 | D:3      | Reached skill level 5 in Fighting
  2025 | D:3      | Noticed Natasha
  2031 | D:3      | Killed Natasha
  2036 | D:3      | Noticed Natasha
  2043 | D:3      | Killed Natasha
  2211 | D:4      | Reached XP level 6. HP: 56/56 MP: 5/5
  2329 | D:4      | Found a bloodstained altar of Trog.
  2524 | D:4      | Reached skill level 1 in Evocations
  2580 | D:4      | Reached skill level 6 in Fighting
  2842 | D:4      | Noticed Blork the orc
  2843 | D:4      | Noticed Edmund
  2844 | D:4      | Noticed Eustachio
  2856 | D:4      | Reached XP level 7. HP: 63/63 MP: 6/6
  2865 | D:4      | Killed Blork the orc
  2881 | D:4      | Killed Edmund
  2917 | D:4      | Killed Eustachio
  2917 | D:4      | Reached *** piety under Trog
  2917 | D:4      | Reached skill level 7 in Fighting
  2917 | D:4      | Reached skill level 5 in Armour
  3030 | D:4      | Found a staircase to the Ecumenical Temple.
  3057 | D:5      | Entered Level 5 of the Dungeon
  3081 | D:5      | Noticed a hungry ghost
  3124 | D:5      | Killed a hungry ghost
  3124 | D:5      | Reached XP level 8. HP: 70/73 MP: 8/8
  3460 | D:5      | Noticed Sigmund
  3478 | D:5      | Killed Sigmund
  3478 | D:5      | Reached skill level 8 in Fighting
  4146 | D:6      | Reached XP level 9. HP: 82/82 MP: 10/10
  4163 | D:6      | Found a runed door.
  4168 | D:6      | Noticed ThisFiasco's ghost (amateur DrAE)
  4186 | D:6      | Killed ThisFiasco's ghost
  4186 | D:6      | Reached skill level 9 in Fighting
  4497 | D:6      | Noticed Grinder
  4504 | D:6      | Paralysed by Grinder for 7 turns
  4514 | D:6      | Killed Grinder
  4648 | D:6      | Found a runed door.
  4652 | D:6      | Noticed Crazy Yiuf
  4657 | D:6      | Killed Crazy Yiuf
  4660 | D:6      | Got a translucent mace
  4671 | D:6      | Identified the +10 mace "Goceg" {protect, Fragile +Rage rElec SInv} (You found it on level 6 of the Dungeon)
  4721 | D:6      | Reached skill level 1 in Maces & Flails
  4828 | D:6      | Noticed Pikel
  4846 | D:6      | Killed Pikel
  5162 | D:6      | Reached **** piety under Trog
  5298 | D:6      | Reached skill level 10 in Fighting
  5461 | D:6      | Found Woqy's Antique Armour Shoppe.
  6663 | D:7      | Found a runed gate.
  6663 | D:7      | Found a runed gate.
  6664 | D:7      | Found a runed gate.
  6665 | D:7      | Found an opulent altar of Gozag.
  6666 | D:7      | Noticed Gildeon's ghost (novice DECj)
  6666 | D:7      | Noticed a troll
  6695 | D:7      | Killed Gildeon's ghost
  6695 | D:7      | Reached skill level 5 in Maces & Flails
  6697 | D:7      | Killed a troll
  6697 | D:7      | Reached XP level 10. HP: 46/94 MP: 12/12
  7360 | D:8      | Reached skill level 11 in Fighting
  7682 | D:9      | Found a staircase to the Lair.
  8061 | D:9      | Found a basalt altar of Yredelemnul.
  8395 | D:9      | Found a blossoming altar of Fedhas.
  8424 | D:9      | Found Xavor's Antique Weapon Emporium.
  8547 | D:9      | Found a hide-covered altar of Uskayaw.
  8696 | D:9      | Found a staircase to the Orcish Mines.
  8847 | D:10     | Entered Level 10 of the Dungeon
  8854 | D:10     | Reached skill level 12 in Fighting
  8859 | D:10     | Reached ***** piety under Trog
  9003 | D:10     | Found a corrupted altar of Lugonu.
  9014 | D:10     | Noticed a rust devil
  9017 | D:10     | Noticed an orange demon
  9019 | D:10     | Reached XP level 11. HP: 78/105 MP: 13/13
  9181 | D:10     | Found a runed gate.
  9182 | D:10     | Noticed nikopol's ghost (journeyman DEFE)
  9182 | D:10     | Noticed a 12-headed hydra
  9183 | D:10     | Found a runed gate.
  9183 | D:10     | Found a runed gate.
  9192 | D:10     | HP: 4/105 [12-headed hydra (6)]
  9192 | D:10     | Slain by a 12-headed hydra

Vault maps used:
D:1:      dpeg_arrival_ternary
D:2:      evilmike_ruin_ashenzari, chequers_temple_overflow_minitemple
D:3:      uniq_natasha
D:4:      temple_hall, first_ration, trog_three_pillars_becter, uniq_edmund,
          uniq_blork_the_orc, uniq_eustachio
D:5:      serial_bayou_pond_a, kennysheep_generic_room_3, uniq_sigmund
D:6:      ebering_ghost_reflecting_pool, serial_shops,
          nicolae_shop_window_shopping, kennysheep_diamond,
          uniq_crazy_yiuf_cottage, uniq_grinder, uniq_pikel
D:7:      ebering_ghost_gozag
D:9:      eat_drink_and_be_merry_uskayaw, grunt_temple_overflow_open,
          erik_lair_island, serial_shops,
          nicolae_shop_competitors_out_of_business
D:10:     kennysheep_kobold_lugonu_temple, gammafunk_ghost_hydra_chop

Skill      XL: |  1  2  3  4  5  6  7  8  9 10 11 |
---------------+----------------------------------+-----
Polearms       | 4 5 6 8 9 |  9.6
Fighting       | 4 5 6 7 8 10 12 | 12.6
Armour         | 3 4 5 6 7 9 |  9.2
Evocations     | 1 2 3 4 |  4.1
Maces & Flails | 5 8 9 |  9.1
Dodging        | |  2.2

Action                   |  1- 3 |  4- 6 |  7- 9 | 10-12 || total
-------------------------+-------+-------+-------+-------++-------
Melee: Spear             |    90 |   138 |   224 |       ||   452
       Headbutt          |    10 |    13 |    63 |    29 ||   115
       Mace              |       |       |    85 |   173 ||   258
Invok: Berserk           |       |     2 |     1 |     2 ||     5
       Trog's Hand       |       |     1 |     1 |       ||     2
       Brothers in Arms  |       |       |     1 |     1 ||     2
  Use: Scroll            |     6 |     1 |     4 |       ||    11
       Potion            |       |       |     3 |       ||     3
  Eat: Chunk             |     2 |     5 |     6 |    10 ||    23
       Ration            |       |       |     3 |       ||     3
Armor: Chain mail        |    19 |    54 |   128 |    61 ||   262
       Scale mail        |     2 |       |       |       ||     2
       Troll leather arm |       |       |       |    47 ||    47
       Plate armour      |       |       |       |     3 ||     3
Dodge: Dodged            |    20 |    46 |   110 |   117 ||   293

Table legend:
 A = Spawn XP
 B = Non-spawn XP
 C = Spawn XP percentage of total XP
 D = Spawn monster count
 E = Non-spawn monster count
 F = Spawn count percentage of total count
 G = Total turns spent on level
                    A         B        C        D         E        F      G
               +---------+---------+-------+---------+---------+-------+---------
         Total |       0 |   12239 |   0.0 |       0 |     237 |   0.0 |  9192
               +---------+---------+-------+---------+---------+-------+---------
           D:1 |       0 |      16 |   0.0 |       0 |       9 |   0.0 |   652
           D:2 |       0 |      44 |   0.0 |       0 |      14 |   0.0 |   740
           D:3 |       0 |     279 |   0.0 |       0 |      39 |   0.0 |   751
           D:4 |       0 |     899 |   0.0 |       0 |      22 |   0.0 |   914
           D:5 |       0 |    1544 |   0.0 |       0 |      26 |   0.0 |  1073
           D:6 |       0 |    1494 |   0.0 |       0 |      20 |   0.0 |  1632
           D:7 |       0 |    1271 |   0.0 |       0 |      24 |   0.0 |  1150
           D:8 |       0 |     818 |   0.0 |       0 |      25 |   0.0 |  1011
           D:9 |       0 |    2656 |   0.0 |       0 |      28 |   0.0 |   924
          D:10 |       0 |    3218 |   0.0 |       0 |      30 |   0.0 |   345
               +---------+---------+-------+---------+---------+-------+---------
